 Dungeon Crawl Stone Soup version 0.29-a0-653-gd47aff6735 (webtiles) character file.

Game seed: 5538036001049268467

5 ZappyNine the Skirmisher (level 1, -2/11 HPs)
             Began as a Vine Stalker Fighter on June 21, 2022.
             Slain by a gnoll
             ... wielding a +0 club
              (3 damage)
             ... on level 1 of the Dungeon.
             The game lasted 00:00:40 (37 turns).

ZappyNine the Skirmisher (Vine Stalker Fighter)       Turns: 37, Time: 00:00:41

Health: -2/11      AC:  6    Str: 18    XL:     1   Next: 80%
Magic:  0/2        EV:  9    Int:  8    God:
Gold:   0          SH:  4    Dex: 13    Spells: 0/0 levels left

rFire   . . .      SeeInvis .   a - +0 rapier
rCold   . . .      Faith    .   c - +0 buckler
rNeg    . . .      Spirit   +   b - +0 scale mail
rPois   .          Reflect  .   (no helmet)
rElec   .          Harm     .   (no cloak)
rCorr   .          Rampage  .   (no gloves)
Will    .....                   (no boots)
Stlth   ..........              (no amulet)
HPRegen 0.03/turn               (no ring)
MPRegen 0.08/turn               (no ring)

@: mighty
A: fangs 2, magic shield, antimagic bite, no potion heal 2
a: no special abilities


You were on level 1 of the Dungeon.
You visited 1 branch of the dungeon, and saw 1 of its levels.

Inventory:

Hand Weapons
 a - a +0 rapier (weapon)
Armour
 b - a +0 scale mail (worn)
 c - a +0 buckler (worn)


   Skills:
 + Level 2.8 Fighting
 + Level 1.9 Short Blades
 + Level 2.5 Armour
 + Level 2.8 Shields


You couldn't memorise any spells.
You didn't know any spells.
Your spell library was empty.

Dungeon Overview and Level Annotations

Branches:
Dungeon (1/15)

Altars:


Innate Abilities, Weirdness & Mutations

You have extremely sharp teeth.
When hurt, damage is shared between your health and your magic reserves.
Your bite disrupts and absorbs the magic of your enemies.
Potions cannot restore your health.


Message History

You are too injured to fight recklessly!
You are too injured to fight recklessly!
The quokka attacks as you move away!
The quokka bites you but does no damage.
You block the quokka's attack.
Found a scroll labelled FATWEZ YNTUPI.
A kobold and a rat come into view.
The kobold shouts!
The kobold throws a stone.
The stone hits you but does no damage.
A bat comes into view.
The quokka closely misses you.
The bat moves out of view.
The quokka attacks as you move away! The quokka closely misses you.
The quokka closely misses you.
The jackal bites you but does no damage.
The jackal attacks as you move away!
The jackal bites you but does no damage.
You block the bat's attack. The bat hits you.
The quokka attacks as you move away! The quokka barely misses you.
The bat hits you but does no damage. You block the bat's attack.
The bat hits you but does no damage.
You feel very mighty all of a sudden. The bat closely misses you.
The bat barely misses you.
You barely miss the bat. You bite the bat.
You kill the bat!
You completely miss the quokka. The quokka barely misses you.
The quokka bites you.
* * * LOW HITPOINT WARNING * * *
You hit the quokka.
The quokka is almost dead.
The quokka bites you but does no damage.
You puncture the quokka!
You kill the quokka!
The jackal bites you.
* * * LOW HITPOINT WARNING * * *
You puncture the jackal!
You kill the jackal!
You completely miss the gnoll.
The gnoll is heavily wounded.
The gnoll hits you with a +0 club.
You die...

#....##..#
..####.<..##..#.##.
..........##..#....
..............#...
..####........#..# #
#. #....##..#..#.# #.
#....##..#.....
#..#####.####.g#.....
#...@gKr.# #........
#..####..# #..##.#.#
#. #..# #..# # # #..#
#..# .... #..# .?...#
#.(# ......# #..#
.......# #..
.##......


You could see a gnoll, a kobold and a rat.

Vanquished Creatures
  A bat (D:1)
  A jackal (D:1)
  2 quokkas (D:1)
4 creatures vanquished.

Notes
Turn   | Place    | Note
-------+----------+-------------------------------------------
     0 | D:1      | ZappyNine the Vine Stalker Fighter began the quest for the
                  | Orb.
     0 | D:1      | Reached XP level 1. HP: 11/11 MP: 2/2
    37 | D:1      | Slain by a gnoll

Illustrated notes

Levels and vault maps discovered:
D:1:      dpeg_arrival_boxes_within_box, layout_loops_ring

Action                   || total
-------------------------++-------
Melee: Rapier            ||    13
       Bite              ||     1
  Use: Potion            ||     1
Armor: Scale mail        ||     8
Dodge: Dodged            ||    12
Block: Buckler           ||     6

Table legend: (Time is in decaauts)
 A = Elapsed time spent in this place.
 B = Non-inter-level travel time spent in this place.
 C = Inter-level travel time spent in this place.
 D = Time resting spent in this place.
 E = Time spent auto-exploring this place.
 F = Levels seen in this place.
 G = Mean time per level.
                   A        B        C        D        E       F      G
               +--------+--------+--------+--------+--------+-----+--------+
         Total |     38 |     38 |      0 |      0 |      3 |   1 |   38.0 |
       Dungeon |     38 |     38 |      0 |      0 |      3 |   1 |   38.0 |
               +--------+--------+--------+--------+--------+-----+--------+

Top non-repeatable levels by time:
     D:1: 38 daAuts
